 Dungeon Sprint DCSS version 0.21-a0-39-g28ea6b7 (webtiles) character file.

14340 PhlogistonFlux the Bludgeoner (level 12, -29/88 HPs)
             Began as a Gargoyle Berserker on May 30, 2017.
             Was the Champion of Trog.
             Killed from afar by a tengu reaver (76 damage)
             ... with a bolt of magma
             ... in the Dungeon (Sprint IX: "|||||||||||||||||||||||||||||").
             The game lasted 00:05:46 (1921 turns).

PhlogistonFlux the Bludgeoner (Gargoyle Berserker)  Turns: 1921, Time: 00:05:47

Health: -29/88     AC: 31    Str: 22    XL:     12   Next: 15%
Magic:  13/14      EV:  9    Int: 10    God:    Trog [******]
Gold:   1242       SH:  4    Dex: 13    Spells: 11/11 levels left

rFire    . . .     SeeInvis .   a - +2 longbow (freeze)
rCold    . . .     Gourm    .   (shield currently unavailable)
rNeg     + . .     Faith    .   r - +0 plate armour
rPois    ∞         Spirit   .   y - +0 helmet
rElec    +         Reflect  +   H - +1 cloak {rPois}
rCorr    .         Harm     .   q - +0 pair of gloves
MR       ++...     NoTele   +   (no boots)
Stlth    ..........             x - +4 amulet of reflection
Regen    1.3/turn               s - +2 ring of protection
MPRegen  0.2/turn               D - +2 ring of intelligence

@: regenerating
A: negative energy resistance 1, electricity resistance, unbreathing,
petrification resistance, rot immunity, AC +8
a: Berserk, Trog's Hand, Brothers in Arms, Burn Spellbooks, Renounce Religion


You were in the Dungeon.
You worshipped Trog.
Trog was exalted by your worship.
You were hungry.

You visited 1 branch You collected 1923 gold pieces.
You spent 681 gold pieces at shops.

Inventory:

Hand Weapons
 a - a +2 longbow of freezing (weapon)
 c - a +2 shortbow of flaming
 o - a +2 vampiric morningstar
 G - the +5 flail "Giantslayer" {vamp, rC+ Str+2 Int+4 Dex+2}
   (You found it in the Dungeon)

   It inflicts no extra harm, but heals its wielder when it wounds a living foe.
   It affects your strength (+2).
   It affects your intelligence (+4).
   It affects your dexterity (+2).
   It protects you from cold.
Missiles
 k - 62 arrows (quivered)
Armour
 p - a +0 cloak
 q - a +0 pair of gloves (worn)
 r - a +0 plate armour (worn)
 y - a +0 helmet (worn)
 E - a scarf of spirit shield
 H - a +1 cloak of poison resistance (worn)
Jewellery
 j - an uncursed ring of protection from magic
 s - a +2 ring of protection (left hand)
 t - a +2 ring of protection
 x - a +4 amulet of reflection (around neck)
 C - an uncursed ring of protection from magic
 D - a +2 ring of intelligence (right hand)
 F - an uncursed ring of fire
Wands
 n - a wand of lightning (7/15)
Scrolls
 i - 2 scrolls of blinking
 m - 4 scrolls of remove curse
 u - 2 scrolls of fear
 v - 8 scrolls of enchant weapon
 w - a scroll of identify
 K - a scroll of recharging
 L - a scroll of fog
Potions
 b - 2 potions of might
 d - 12 potions of curing
 e - 5 potions of heal wounds
 f - 3 potions of haste
 g - 4 potions of magic
 h - 3 potions of berserk rage
 l - a potion of invisibility
 I - a potion of agility
 J - a potion of brilliance
Comestibles
 z - 38 fruits
 A - 12 bread rations
 B - 12 meat rations


   Skills:
 + Level 15.8 Fighting
 + Level 18.5 Maces & Flails
 * Level 12.9 Bows
 + Level 11.2 Armour
 + Level 5.7 Dodging
 * Level 3.3 Evocations


You had 11 spell levels left.
You didn't know any spells.

Dungeon Overview and Level Annotations

Branches:
Dungeon (1/1)

Altars:
Cheibriados
Dithmenos
Elyvilon
Fedhas
Gozag
Hepliaklqana
Kikubaaqudgha
Makhleb
Nemelex Xobeh
Okawaru
Qazlal
Ru
Sif Muna
Trog
Uskayaw
Vehumet
Wu Jian
Xom
Yredelemnul
Zin
The Shining One
Beogh
Jiyva
Lugonu

Shops:
D *!?[


Innate Abilities, Weirdness & Mutations

You are resistant to torment.
Your stone body is resilient. (AC +8)
You are immune to poison.
You resist negative energy. (rN+)
You are resistant to electric shocks. (rElec)
You can survive without breathing.
You are immune to petrification.
You are immune to rotting.


Message History

You are too injured to fight recklessly!
Unknown command.
You are too injured to fight recklessly!
You are too injured to fight recklessly!
Unknown command.
You are too injured to fight recklessly!
Unknown command.
Your skin crawls.
You feel resistant to hostile enchantments.
You are feeling hungry.
Firing (i - inventory):
k - 63 arrows (quivered)
Press: ? - help, Shift-Dir - straight line, f/p - tengu reaver
Aim: a tengu reaver, wielding a great mace of protection and wearing a ring mail (almost dead)
You shoot an arrow.
The arrow hits the tengu reaver but does no damage.
The tengu reaver is almost dead.
The tengu reaver points at you and mumbles some strange words.
The bolt of magma hits you!
Ouch! That really hurt!
You die...

▓▓▓▓▓▓▓▓▓▓▓▓▓▓▓▓▓▓▓▓▓▓▓▓
....o*Q@.........[[[[[.[
▓▓▓▓▓▓▓▓▓▓▓▓▓▓▓▓▓▓▓▓▓▓▓▓▓▓▓▓▓▓▓▓▓
................)................
▓▓▓▓▓▓▓▓▓▓▓▓▓▓▓▓▓▓▓▓▓▓▓▓▓▓▓▓▓▓▓▓▓
....)∩.∩.∩)∩)))))'....))))))(.)..
▓▓▓▓▓▓▓▓▓▓▓▓▓▓▓▓▓▓▓▓▓▓▓▓▓▓▓▓▓▓▓▓▓
.................................
▓▓▓▓▓▓▓▓▓▓▓▓▓▓▓▓▓▓▓▓▓▓▓▓▓▓▓▓▓▓▓▓▓
[..')..)......†)'........)'......


You could see a tengu reaver, an orc warrior and a battlesphere.

Vanquished Creatures
  An ettin (D)
  A hydra (D)
  2 centaur warriors (D)
  A two-headed ogre (D)
  An orc high priest (D)
  3 orc knights (D)
  An orc sorcerer (D)
  An elephant (D)
  Psyche (D)
  A gargoyle (D)
  3 spiny frogs (D)
  A komodo dragon (D)
  4 polar bears (D)
  4 hippogriffs (D)
  A blink frog (D)
  A wyvern (D)
  A shadow (D)
  A yak (D)
  A steam dragon (D)
  Grum (D)
  A soldier ant (D)
  2 porcupines (D)
  14 orc warriors (D)
  2 ice beasts (D)
  5 black bears (D)
  3 wolves (D)
  2 centaurs (D)
  2 crocodiles (D)
  3 bullfrogs (D)
  A scorpion (D)
  A jelly (D)
  3 orc priests (D)
  7 orc wizards (D)
  A worker ant (D)
  An adder (D)
  A shadow imp (D)
  An adder zombie (D)
  A dart slug (D)
  2 leopard geckos (D)
  5 orcs (D)
  2 kobolds (D)
  A rat (D)
92 creatures vanquished.

Vanquished Creatures (collateral kills)
  3 orc knights (D)
  3 orc warriors (D)
6 creatures vanquished.

Grand Total: 98 creatures vanquished

Notes
Turn   | Place    | Note
-------+----------+-------------------------------------------
     0 | D        | PhlogistonFlux the Gargoyle Berserker began the quest for the Orb.
     0 | D        | Reached XP level 1. HP: 14/14 MP: 1/1
    10 | D        | Reached skill level 4 in Maces & Flails
    12 | D        | Reached ** piety under Trog
    13 | D        | Reached XP level 2. HP: 10/19 MP: 2/2
    16 | D        | Reached skill level 5 in Maces & Flails
   161 | D        | Noticed a centaur
   165 | D        | Reached skill level 6 in Maces & Flails
   165 | D        | Reached XP level 3. HP: 23/23 MP: 3/3
   166 | D        | Reached *** piety under Trog
   166 | D        | Reached skill level 7 in Maces & Flails
   170 | D        | Killed a centaur
   170 | D        | Reached skill level 9 in Maces & Flails
   170 | D        | Reached XP level 4. HP: 28/28 MP: 4/4
   174 | D        | Reached skill level 10 in Maces & Flails
   174 | D        | Reached XP level 5. HP: 32/32 MP: 5/5
   213 | D        | Found a roughly hewn altar of Beogh.
   213 | D        | Found a snail-covered altar of Cheibriados.
   213 | D        | Found a shadowy altar of Dithmenos.
   213 | D        | Found a white marble altar of Elyvilon.
   213 | D        | Found a blossoming altar of Fedhas.
   213 | D        | Found an opulent altar of Gozag.
   214 | D        | Found a hazy altar of Hepliaklqana.
   215 | D        | Found a viscous altar of Jiyva.
   216 | D        | Found an ancient bone altar of Kikubaaqudgha.
   217 | D        | Found a corrupted altar of Lugonu.
   218 | D        | Found a burning altar of Makhleb.
   219 | D        | Found a sparkling altar of Nemelex Xobeh.
   220 | D        | Found an iron altar of Okawaru.
   221 | D        | Found a stormy altar of Qazlal.
   222 | D        | Found a sacrificial altar of Ru.
   223 | D        | Found a deep blue altar of Sif Muna.
   224 | D        | Found a bloodstained altar of Trog.
   225 | D        | Found a hide-covered altar of Uskayaw.
   226 | D        | Found a radiant altar of Vehumet.
   227 | D        | Found an ornate altar of the Wu Jian Council.
   228 | D        | Found a shimmering altar of Xom.
   229 | D        | Found a basalt altar of Yredelemnul.
   230 | D        | Found a glowing silver altar of Zin.
   231 | D        | Found a glowing golden altar of the Shining One.
   285 | D        | Noticed a soldier ant
   285 | D        | Noticed a black bear
   288 | D        | Reached **** piety under Trog
   292 | D        | Reached skill level 5 in Fighting
   292 | D        | Reached XP level 6. HP: 40/40 MP: 6/6
   296 | D        | Killed a black bear
   296 | D        | Reached skill level 11 in Maces & Flails
   302 | D        | Killed a soldier ant
   302 | D        | Reached XP level 7. HP: 48/48 MP: 7/7
   365 | D        | Noticed a steam dragon
   365 | D        | Noticed a centaur warrior
   369 | D        | Reached ***** piety under Trog
   369 | D        | Reached skill level 12 in Maces & Flails
   369 | D        | Reached skill level 5 in Bows
   374 | D        | Killed a centaur warrior
   374 | D        | Reached skill level 13 in Maces & Flails
   374 | D        | Reached XP level 8. HP: 56/56 MP: 8/8
   509 | D        | Identified the Handbook of Fiery Conjuration
   522 | D        | Noticed a yak
   522 | D        | Noticed a spiny frog
   522 | D        | Noticed a spiny frog
   522 | D        | Noticed a komodo dragon
   525 | D        | Noticed a spiny frog
   527 | D        | Killed a komodo dragon
   527 | D        | Reached ****** piety under Trog
   527 | D        | Reached skill level 10 in Fighting
   527 | D        | Reached skill level 14 in Maces & Flails
   527 | D        | Reached skill level 5 in Armour
   527 | D        | Reached XP level 9. HP: 62/62 MP: 9/9
   533 | D        | Killed a spiny frog
   533 | D        | Received a gift from Trog
   534 | D        | Reached skill level 5 in Dodging
   537 | D        | Killed a spiny frog
   537 | D        | Received a gift from Trog
   537 | D        | Reached skill level 15 in Maces & Flails
   543 | D        | Killed a spiny frog
   545 | D        | Noticed a seven-headed hydra
   554 | D        | Killed a seven-headed hydra
   554 | D        | Reached skill level 16 in Maces & Flails
   554 | D        | Reached XP level 10. HP: 62/71 MP: 10/10
   596 | D        | Noticed an elephant
   617 | D        | Received a gift from Trog
   629 | D        | Killed an elephant
   629 | D        | Received a gift from Trog
   869 | D        | Reached skill level 10 in Bows
   878 | D        | Reached skill level 17 in Maces & Flails
   896 | D        | Received a gift from Trog
  1043 | D        | Received a gift from Trog
  1049 | D        | Reached XP level 11. HP: 78/78 MP: 11/11
  1070 | D        | Received a gift from Trog
  1242 | D        | Noticed an orc knight
  1242 | D        | Noticed an orc high priest
  1243 | D        | Noticed a sixfirhy
  1250 | D        | Noticed an orc sorcerer
  1262 | D        | Killed an orc high priest
  1279 | D        | Killed an orc knight
  1284 | D        | Killed an orc sorcerer
  1284 | D        | Received a gift from Trog
  1324 | D        | Received a gift from Trog
  1379 | D        | Found Qeopneho's Armour Boutique.
  1379 | D        | Noticed an orc knight
  1388 | D        | Reached skill level 18 in Maces & Flails
  1389 | D        | Found Apezuorch's Magic Scroll Shop.
  1389 | D        | Noticed an orc knight
  1394 | D        | Killed an orc knight
  1394 | D        | Received a gift from Trog
  1395 | D        | Noticed an orc knight
  1399 | D        | Found Mudout's Distillery.
  1399 | D        | Noticed an orc knight
  1408 | D        | Noticed an orc knight
  1410 | D        | Killed an orc knight
  1425 | D        | Killed an orc knight
  1425 | D        | Reached skill level 10 in Armour
  1426 | D        | Killed an orc knight
  1427 | D        | Killed an orc knight
  1587 | D        | Found Hoedaz's Assorted Antiques.
  1609 | D        | Received a gift from Trog
  1609 | D        | Reached skill level 15 in Fighting
  1639 | D        | Bought a potion of haste for 180 gold pieces
  1639 | D        | Bought an opal ring for 90 gold pieces
  1639 | D        | Bought a runed scarf for 144 gold pieces
  1639 | D        | Bought a potion of might for 72 gold pieces
  1641 | D        | Bought a potion of curing for 39 gold pieces
  1641 | D        | Bought 2 potions of curing for 78 gold pieces
  1641 | D        | Bought 2 potions of curing for 78 gold pieces
  1647 | D        | Received a gift from Trog
  1708 | D        | Noticed Psyche
  1712 | D        | Killed Psyche
  1775 | D        | Noticed Grum
  1779 | D        | Killed Grum
  1779 | D        | Reached skill level 1 in Evocations
  1840 | D        | Got the +5 flail "Giantslayer" {vamp, rC+ Str+2 Int+4 Dex+2}
  1898 | D        | Noticed a centaur warrior
  1898 | D        | Noticed a two-headed ogre
  1901 | D        | Received a gift from Trog
  1903 | D        | Received a gift from Trog
  1904 | D        | Noticed a tengu reaver
  1907 | D        | Killed a two-headed ogre
  1907 | D        | Received a gift from Trog
  1910 | D        | Killed a centaur warrior
  1910 | D        | Reached XP level 12. HP: 82/88 MP: 11/13
  1911 | D        | Noticed an ettin
  1912 | D        | Received a gift from Trog
  1919 | D        | Killed an ettin
  1919 | D        | Received a gift from Trog
  1921 | D        | Killed from afar by a tengu reaver

Vault maps used:
D:        linesprint

Skill      XL: |  1  2  3  4  5  6  7  8  9 10 11 12 |
---------------+-------------------------------------+-----
Maces & Flails | 4 6 9 10 11 13 14 16 17 18 | 18.5
Fighting       | 5 7 9 10 11 13 15 | 15.8
Bows           | 3 4 6 7 9 10 12 | 12.9
Dodging        | 2 3 4 5 |  5.7
Armour         | 3 4 5 6 7 11 | 11.2
Evocations     | 2 3 |  3.3

Action                   |  1- 3 |  4- 6 |  7- 9 | 10-12 || total
-------------------------+-------+-------+-------+-------++-------
Melee: Mace              |    20 |     3 |       |       ||    23
       Morningstar       |       |    14 |    47 |   252 ||   313
 Fire: Longbow           |       |       |       |    37 ||    37
Invok: Berserk           |     1 |     1 |     2 |     5 ||     9
       Brothers in Arms  |       |       |       |     2 ||     2
       Trog's Hand       |       |       |       |     2 ||     2
       Burn Spellbooks   |       |       |       |     1 ||     1
  Eat: Bread ration      |       |     1 |       |       ||     1
       Chunk             |       |       |     1 |    10 ||    11
       Fruit             |       |       |       |     2 ||     2
Armor: Animal skin       |     2 |       |       |       ||     2
       Plate armour      |       |    11 |    35 |   143 ||   189
Dodge: Dodged            |     9 |     4 |    11 |    73 ||    97
Block: Other             |       |       |       |     2 ||     2
